 Dungeon Sprint DCSS version 0.19.0-9-gfd783f2 (webtiles) character file.

959 equalderp2856 the Ripper (level 7, -9/36 HPs)
             Began as a Felid Fighter on Nov 7, 2016.
             Killed from afar by a smoke demon (26 damage)
             ... with a ball of steam
             ... summoned by a kobold demonologist
             ... in the Dungeon (Sprint I: "Red Sonja").
             The game lasted 00:04:53 (1224 turns).

equalderp2856 the Ripper (Felid Fighter)            Turns: 1224, Time: 00:04:54

Health: -9/36      AC:  2    Str: 14    XL:     7   Next: 91%
Magic:  8/8        EV: 28    Int:  9    God:
Gold:   276        SH:  0    Dex: 16    Spells: 0 memorised, 6 levels left
                                        Lives:  0   Deaths: 2

rFire  . . .     SeeInvis +       - Unarmed
rCold  . . .     Gourm    .     (armour unavailable)
rNeg   . . .     Faith    .     (shield unavailable)
rPois  .         Spirit   .     (helmet unavailable)
rElec  .         Reflect  .     (cloak unavailable)
rCorr  .         Harm     .     (gloves unavailable)
MR     +....     NoTele   +     (boots unavailable)
Stlth  +++.......               (no amulet)
                                (no ring)
                                (no ring)

@: quick
A: no armour, no weapons or thrown items, stealth, claws 1, fangs 3, see
invisible, carnivore 3, speed 1, shaggy fur 2, slow metabolism 1, sharp paws
a: no special abilities


You were in the Dungeon.
You were not hungry.

You visited 1 branch You collected 276 gold pieces.

Inventory:

Missiles
 k - 2 arrows
Wands
 i - a wand of polymorph (10/24)
 j - a wand of enslavement (3/24)
Scrolls
 h - a scroll of blinking
Potions
 a - a potion of might
 c - a potion of curing
 d - a potion of heal wounds
 e - a potion of haste
 f - 2 potions of magic
 g - a potion of berserk rage
Comestibles
 b - a meat ration


   Skills:
 + Level 7.2 Fighting
 + Level 11.9 Dodging
 + Level 3.9 Stealth
 + Level 15.9 Unarmed Combat
 + Level 0.2 Evocations


You had 6 spell levels left.
You didn't know any spells.

Dungeon Overview and Level Annotations

Branches:
Dungeon (1/1)

Altars:
Cheibriados
Dithmenos
Elyvilon
Fedhas
Gozag
Hepliaklqana
Kikubaaqudgha
Makhleb
Nemelex Xobeh
Okawaru
Qazlal
Ru
Sif Muna
Trog
Uskayaw
Vehumet
Xom
Yredelemnul
Zin
The Shining One
Jiyva
Lugonu

Shops:
D }


Innate Abilities, Weirdness & Mutations

You cannot wear armour.
You are incapable of wielding weapons or throwing items.
Your paws allow you to move quietly. (Stealth)
You have sharp claws.
You have razor-sharp teeth.
You have supernaturally acute eyesight. (SInv)
You are carnivorous and can eat meat at any time.
You cover ground quickly.
You are covered in thick fur. (AC +2)
You have a slow metabolism.
Your sharp claws are effective at attacking unaware monsters.


Message History

The demonic crawler misses you. x2; The demonic crawler barely misses you.
You scratch the demonic crawler.
The demonic crawler is almost dead.
The smoke demon gestures at you. Something smites you!
The demonic crawler completely misses you.
The demonic crawler misses you. The demonic crawler hits you.
You scratch the demonic crawler but do no damage.
You claw the demonic crawler.
You kill the demonic crawler!
You closely miss the quasit. Your claw misses the quasit.
Your bite misses the quasit. The quasit misses you. x2
The quasit claws you but does no damage.
You closely miss the quasit. The quasit completely misses you.
The quasit misses you. The quasit completely misses you.
The smoke demon gestures at you.
The ball of steam hits the quasit.
The quasit resists.
The ball of steam hits you!
Ouch! That really hurt!
You die...

######################
#<.#.@53.#.)÷K3#__#..'
#..').#K.35(#..'..)..#
#..#####+#####'#__####
#.)#### #...#§####§§#
#..#__####..##§#≈≈≈§§#
#..#_____##'#.(§§≈§§.+
#⌠⌠#_.∩...'...§#§≈§..#
####_..__##_.#'##+####
#_____###'#.# %(!


You could see a kobold demonologist, 2 smoke demons, a quasit and an ufetubus.

Vanquished Creatures
  A centaur warrior (D)
  A demonic crawler (D)
  A kobold demonologist (D)
  A slime creature (D)
  Sigmund (D)
  A yak (D)
  A floating eye (D)
  An ogre (D)
  A jelly (D)
  Ijyb (D)
10 creatures vanquished.

Vanquished Creatures (others)
  2 gargoyles (D)
  A ballistomycete (D)
  A ballistomycete spore (D)
4 creatures vanquished.

Grand Total: 14 creatures vanquished

Notes
Turn   | Place    | Note
-------+----------+-------------------------------------------
     0 | D        | equalderp2856 the Felid Fighter began the quest for the Orb.
     0 | D        | Reached XP level 1. HP: 10/10 MP: 2/2
     2 | D        | Noticed Ijyb
    14 | D        | Killed Ijyb
    14 | D        | Reached skill level 5 in Dodging
    14 | D        | Reached skill level 6 in Unarmed Combat
    14 | D        | Reached XP level 2. HP: 11/15 MP: 3/3
    18 | D        | Noticed an ogre
    50 | D        | Killed an ogre
    50 | D        | Reached skill level 8 in Unarmed Combat
    50 | D        | Reached XP level 3. HP: 4/18 MP: 4/4
    50 | D        | Reached XP level 4. HP: 5/22 MP: 5/5
    82 | D        | Killed a gargoyle
   249 | D        | Noticed Sigmund
   304 | D        | Killed Sigmund
   304 | D        | Reached skill level 5 in Fighting
   304 | D        | Reached skill level 10 in Unarmed Combat
   304 | D        | Reached XP level 5. HP: 17/26 MP: 6/6
   422 | D        | Found a deep blue altar of Sif Muna.
   424 | D        | Found a radiant altar of Vehumet.
   432 | D        | Gained mutation: You are covered in thick fur. (AC +2) [Felid growth]
   432 | D        | Reached XP level 6. HP: 16/30 MP: 7/7
   569 | D        | Found Caegyu's Gadget Emporium.
   569 | D        | Found an ancient bone altar of Kikubaaqudgha.
   569 | D        | Found a hazy altar of Hepliaklqana.
   569 | D        | Found a stormy altar of Qazlal.
   569 | D        | Found a hide-covered altar of Uskayaw.
   569 | D        | Found a blossoming altar of Fedhas.
   569 | D        | Found a bloodstained altar of Trog.
   569 | D        | Found an iron altar of Okawaru.
   569 | D        | Found a basalt altar of Yredelemnul.
   569 | D        | Found a glowing golden altar of the Shining One.
   569 | D        | Found a snail-covered altar of Cheibriados.
   569 | D        | Found a sacrificial altar of Ru.
   569 | D        | Found a glowing silver altar of Zin.
   569 | D        | Found a shadowy altar of Dithmenos.
   569 | D        | Found a white marble altar of Elyvilon.
   569 | D        | Noticed a yak
   578 | D        | Killed a yak
   578 | D        | Reached skill level 1 in Stealth
   578 | D        | Reached skill level 12 in Unarmed Combat
   579 | D        | Found an opulent altar of Gozag.
   748 | D        | Found a sparkling altar of Nemelex Xobeh.
   774 | D        | Noticed a centaur warrior
   823 | D        | Mangled by a centaur warrior
   824 | D        | Reached XP level 5. HP: -8/27 MP: 6/6
   833 | D        | Killed a centaur warrior
   833 | D        | Reached skill level 14 in Unarmed Combat
   833 | D        | Reached XP level 6. HP: 2/31 MP: 7/7
   833 | D        | Reached XP level 7. HP: 2/35 MP: 8/8
  1128 | D        | Found a burning altar of Makhleb.
  1128 | D        | Found a shimmering altar of Xom.
  1128 | D        | Noticed a slime creature
  1132 | D        | Found a viscous altar of Jiyva.
  1132 | D        | Found a corrupted altar of Lugonu.
  1134 | D        | Killed a slime creature
  1134 | D        | Reached XP level 8. HP: 39/39 MP: 9/9
  1135 | D        | Noticed a kobold demonologist
  1149 | D        | Noticed a deep troll
  1153 | D        | Noticed a hornet
  1178 | D        | Noticed a kobold demonologist
  1178 | D        | Noticed a demonic crawler
  1178 | D        | Noticed a demonic crawler
  1178 | D        | Noticed a demonic crawler
  1178 | D        | Noticed a demonic crawler
  1181 | D        | Reached skill level 15 in Unarmed Combat
  1183 | D        | Noticed an ice devil
  1188 | D        | Noticed a hellwing
  1193 | D        | Killed a kobold demonologist
  1198 | D        | Killed a gargoyle
  1206 | D        | Noticed a smoke demon
  1211 | D        | Slain by a demonic crawler
  1212 | D        | Reached XP level 7. HP: 0/36 MP: 8/8
  1216 | D        | Noticed a smoke demon
  1222 | D        | Killed a demonic crawler
  1224 | D        | Killed from afar by a smoke demon

Skill      XL: |  1  2  3  4  5  6  7  8 |
---------------+-------------------------+-----
Dodging        | 5 6 8 11 9 | 11.9
Unarmed Combat | 6 8 10 14 12 15 | 15.9
Fighting       | 4 5 6 7 |  7.2
Stealth        | 2 1 3 |  3.9
Evocations     | |  0.2

Action                   |  1- 3 |  4- 6 |  7- 9 || total
-------------------------+-------+-------+-------++-------
Melee: Unarmed           |    22 |    36 |    28 ||    86
       Bite              |     1 |     4 |     3 ||     8
       Punch             |       |     2 |     1 ||     3
Evoke: Wand              |       |     1 |     1 ||     2
 Stab: Sleeping          |       |       |     1 ||     1
Armor: Skin              |     2 |       |     2 ||     4
Dodge: Dodged            |    12 |    29 |    48 ||    89
